 Dungeon Crawl Stone Soup version 0.32-a0-705-g60f233581c (webtiles) character file.

Game seed: 1956597367892724344

77298 bobo the Fetichist (level 15, -15/134 HPs)
             Began as a Coglin Hunter on Mar 15, 2024.
             Was a High Priest of Ashenzari.
             Killed from afar by an eleionoma (20 damage)
             ... with a spray of wooden splinters
             ... on level 2 of the Swamp.
             The game lasted 01:30:32 (21291 turns).

bobo the Fetichist (Coglin Hunter)                 Turns: 21291, Time: 01:30:32

Health: -15/134    AC: 17    Str: 12    XL:     15   Next: 56%
Magic:  15/15      EV: 17    Int: 10    God:    Ashenzari [*****.]
Gold:   1571       SH:  0    Dex: 19    Spells: 14/14 levels left

rFire   + . .        a - +2 sling of Ashenzari's Oblivion {heavy, Natsumi, Self, Range} (curse)
rCold   + . .        d - +0 sling "Share My Yoke" {Yamquzzuhalamma, Elem, Bglg} (curse)
rNeg    . . .        o - +4 leather armour of the Shattered Seer {Harm +Blink rElec Dex-4, Self, Dev} (curse)
rPois   .            C - +2 helmet "Dismay of Ashenzari" {Dev, Cun} (curse)
rElec   +            y - +1 cloak of the Cursed Oracle {Elem, Dev} (curse)
rCorr   .            N - +0 pair of gloves
SInv    +            (no boots)
Will    +....        (amulet unavailable)
Stlth   ++++         (ring unavailable)
HPRegen 0.42/turn    (ring unavailable)
MPRegen 0.14/turn    M - turboactuated sprocket {RevParry, rF+ rC+}

%: harm (+30% outgoing, +20% incoming), clarity
@: invisible, revving
A: off-hand wielding, slow wielding, warmup strikes, no jewellery
a: Renounce Religion, Evoke Blink, Curse Item, Shatter the Chains


You were on level 2 of the Swamp.
You worshipped Ashenzari.
Ashenzari was extremely pleased with you.
You visited 5 branches of the dungeon, and saw 24 of its levels.
You also visited: Bailey.

You collected 1646 gold pieces.
You spent 75 gold pieces at shops.

Inventory:

Hand Weapons
 a - the cursed +2 sling of Ashenzari's Oblivion (weapon) {heavy, Natsumi, Self, Range}

   It has a curse which improves the following skills: Introspection: Fighting
   and Spellcasting.
   Ranged Combat: Ranged Weapons and Throwing.
 d - the cursed +0 sling "Share My Yoke" (offhand) {Yamquzzuhalamma, Elem, Bglg}

   It has a curse which improves the following skills: Elements: Fire Magic, Ice
   Magic, Air Magic and Earth Magic.
   Beguiling: Hexes and Translocations.
Missiles
 k - 2 throwing nets
Armour
 o - the cursed +4 leather armour of the Shattered Seer (worn) {Harm +Blink rElec Dex-4, Self, Dev}
   (You found it on level 2 of the Dungeon)

   Dex-4:     It affects your dexterity (-4).
   rElec:     It insulates you from electricity.
   +Blink:    It lets you blink.
   Harm:      It increases damage dealt and taken.
   It has a curse which improves the following skills: Introspection: Fighting
   and Spellcasting.
   Devices:   Evocations and Shapeshifting.
 y - the cursed +1 cloak of the Cursed Oracle (worn) {Elem, Dev}
   (You found it on level 4 of the Dungeon)

   It has a curse which improves the following skills: Elements: Fire Magic, Ice
   Magic, Air Magic and Earth Magic.
   Devices:   Evocations and Shapeshifting.
 C - the cursed +2 helmet "Dismay of Ashenzari" (worn) {Dev, Cun}
   (You found it on level 1 of the Dungeon)

   It has a curse which improves the following skills: Devices: Evocations and
   Shapeshifting.
   Cunning:   Dodging and Stealth.
 F - a +0 troll leather armour
 N - a +0 pair of gloves (worn)
Gizmo
 M - a turboactuated sprocket (installed) {RevParry, rF+ rC+}
   (You invented it yourself on level 3 of the Lair of Beasts)

   [turboactuated sprocket]

   RevParry:  Your AC increases as you Rev (up to +5) and while fully Revved,
   your attacks may disarm enemies.
   rF+:       It protects you from fire.
   rC+:       It protects you from cold.
Wands
 n - a wand of warping (7)
 v - a wand of flame (31)
 L - a wand of acid (8)
 P - a wand of digging (5)
Scrolls
 c - 4 scrolls of vulnerability
 f - 3 scrolls of poison
 h - a scroll of silence
 l - 3 scrolls of blinking
 p - 4 scrolls of teleportation
 r - 3 scrolls of noise
 t - 3 scrolls of enchant weapon
 u - 5 scrolls of fog
 A - 2 scrolls of enchant armour
 D - a scroll of amnesia
 H - a scroll of fear
 I - 2 scrolls of revelation
 J - 2 scrolls of immolation
Potions
 b - 8 potions of heal wounds
 e - a potion of cancellation
 g - a potion of brilliance
 i - 4 potions of attraction
 m - 5 potions of haste
 q - 7 potions of curing
 s - 2 potions of might
 w - 2 potions of resistance
 x - 6 potions of lignification
 z - 2 potions of enlightenment
 B - a potion of ambrosia
 E - 2 potions of magic
 K - 3 potions of berserk rage
 O - a potion of mutation
Miscellaneous
 G - a tin of tremorstones (inert)


   Skills:
 + Level 14.5(17.6) Fighting
 - Level 15.0(17.0) Ranged Weapons
 + Level 8.2(10.4) Dodging
 - Level 6.0(8.1) Stealth
 + Level 17.3(21.2) Evocations


You had 14 spell levels left.
You didn't know any spells.
Your spell library contained the following spells:

 Spells                   Type           Power      Damage    Failure   Level
 Apportation              Tloc           0%         N/A       38%         1
 Shock                    Conj/Air       0%         1d3       41%         1
 Summon Small Mammal      Summ           0%         N/A       43%         1
 Ensorcelled Hibernation  Hex/Ice        0%         N/A       52%         2
 Jinxbite                 Hex            0%         N/A       54%         2
 Call Imp                 Summ           0%         N/A       56%         2
 Sublimation of Blood     Necr           0%         N/A       56%         2
 Ozocubu's Armour         Ice            1%         N/A       75%         3
 Passwall                 Erth           1%         N/A       75%         3
 Swiftness                Air            1%         N/A       75%         3
 Call Canine Familiar     Summ           0%         N/A       80%         3
 Dazzling Flash           Conj/Hex       0%         N/A       80%         3
 Fugue of the Fallen      Necr           0%         N/A       80%         3
 Airstrike                Air            0%         2d(1-17)  98%         4
 Dispel Undead            Necr           0%         3d6       99%         4
 Manifold Assault         Tloc           0%         N/A       99%         4
 Summon Blazeheart Golem  Fire/Summ      0%         N/A       99%         4
 Summon Lightning Spire   Summ/Air       0%         N/A       99%         4
 Vhi's Electric Charge    Tloc/Air       0%         N/A       99%         4
 Alistair's Intoxication  Alch           0%         N/A       100%        5
 Arcjolt                  Conj/Air       0%         1d10      100%        5
 Conjure Ball Lightning   Conj/Air       0%         3x3d6     100%        6
 Enfeeble                 Hex            0%         N/A       100%        7
 Summon Hydra             Summ           0%         N/A       100%        7
 Discord                  Hex            0%         N/A       100%        8
 Disjunction              Tloc           0%         N/A       100%        8
 Maxwell's Capacitive Co  Air            0%         ∞         100%        8
 Summon Horrible Things   Summ           0%         N/A       100%        8


Dungeon Overview and Level Annotations

Branches:
Dungeon (13/15)            Temple (1/1) D:5            Lair (5/5) D:11
  Swamp (3/4) Lair:3       Spider (0/4) Lair:3        Slime (0/5) Lair:4
    Orc (2/2) D:12         Bailey (visited)
    Elf: Orc:2       Vaults: D:13-14

Altars:
Ashenzari
Cheibriados
Dithmenos
Elyvilon
Fedhas
Gozag
Hepliaklqana
Kikubaaqudgha
Makhleb
Nemelex Xobeh
Okawaru
Qazlal
Ru
Sif Muna
Trog
Uskayaw
Vehumet
Wu Jian
Xom
Yredelemnul
Zin
The Shining One
Beogh
Jiyva

Shops:
D:1 *   D:4 ***   D:8 !   D:11 :   Orc:2 *

Portals:
Trove: D:11 (give 5 potions of resistance)

Annotations:
D:13 Azrael
Lair:2 3 runed translucent doors, ShinQuickMan's ghost, journeyman DECj
Orc:1 exclusion: oklob plant


Innate Abilities, Weirdness & Mutations

You can wield a second weapon in your off-hand.
It takes a long time for you to wield or remove held weapons.
Your first few attacks do less damage.
You cannot equip rings or amulets.


Message History

The eleionoma touches a tree and draws upon its vitality.
The eleionoma is healed.
You blink.
Splash!
You fall into the shallow water.
Moving in this stuff is going to be slow.
The swamp worm fires a harpoon shot at you.
The harpoon shot hits you!
You are yanked forward by the harpoon shot.
Aiming: Throw Flame
Press: ? - help, Shift-Dir - straight line, f/p - eleionoma
Aim: an eleionoma (lightly wounded, 78% to hit)
The puff of flame hits the eleionoma!
The eleionoma is moderately wounded.
The swamp worm bites you!
* * * LOW HITPOINT WARNING * * *
You fade into invisibility!
The swamp worm bites you but does no damage.
The eleionoma is engulfed in a cloud of scalding steam.
The swamp worm completely misses you.
You shoot a sling bullet.
The sling bullet barely misses the swamp worm.
You shoot a sling bullet. The sling bullet hits the swamp worm!
The swamp worm is severely wounded.
The eleionoma closely misses you. The swamp worm closely misses you.
You shoot a sling bullet. The sling bullet hits the swamp worm.
The swamp worm is almost dead.
You shoot a sling bullet. The sling bullet hits the swamp worm.
The swamp worm is almost dead.
You feel ready to blink again. The swamp worm bites you.
* * * LOW HITPOINT WARNING * * *
The eleionoma hits you!
* * * LOW HITPOINT WARNING * * *
You shoot a sling bullet. The sling bullet hits the swamp worm.
You kill the swamp worm!
You shoot a sling bullet.
The eleionoma hurls a spray of splinters at you.
The spray of wooden splinters hits you!
You die...

*♣.~~~,,**,,,
♣..~,,,..#***,,
♣.~~~.~...,,,,,
♣..,,~~..,,,,**
♣~♣♣♣♣.♣*******
♣♣~?~...♣ *
♣.~~§~~.♣ *
♣♣.~.~~.♣
♣<~~@R~~♣
♣♣~..†>.♣
♣<..♣♣.♣
♣...♣♣.♣
♣..♣♣♣♣♣ ♣~♣♣
♣.♣ ♣♣♣


You could see an eleionoma (unable to see you).

Vanquished Creatures
  Gastronok (D:8)
  2 orc warlords (Orc:1)
  An eleionoma (Swamp:1)
  A bunyip (Swamp:3)
  Snorg (Lair:3)
  An ettin (Orc:2)
  Josephine (D:10)
  6 hydras
  2 boulder beetles
  An alligator (Swamp:1)
  3 two-headed ogres
  9 death yaks
  A thrashing horror (Lair:5)
  A goliath frog (Swamp:1)
  A skyshark (Lair:5)
  A glowing orange brain (Lair:5)
  An orc knight (Orc:1)
  3 bog bodies
  2 deep elf pyromancers
  An orc sorcerer (Orc:1)
  A cyclops (D:12)
  2 manticores (D:12)
  4 will-o-the-wisps (Swamp:1)
  2 ugly things
  6 black mambas
  15 elephants
  A guardian serpent (shapeshifter) (D:10)
  3 smoke demons (Lair:5)
  7 cane toads
  A torpor snail (Lair:1)
  An ice statue (Lair:4)
  2 rime drakes
  A kobold demonologist (D:11)
  12 komodo dragons
  An ice devil (Lair:4)
  4 polar bears
  5 trolls
  A bloated husk (Swamp:2)
  A wind drake (D:8)
  A raiju (Lair:5)
  A tyrant leech (Swamp:1)
  17 blink frogs
  A hornet (Swamp:1)
  10 dream sheep (Lair:4)
  4 slime creatures (D:12)
  A spriggan (shapeshifter) (Lair:5)
  2 spriggans
  7 basilisks
  Eustachio (D:4)
  47 yaks
  A vampire (D:11)
  7 wyverns
  3 ynoxinuls (Lair:5)
  6 wraiths
  3 wargs
  2 death yak simulacra (Lair:4)
  A human (shapeshifter) (Lair:5)
  2 steam dragons
  10 vampire mosquitoes
  3 swamp worms
  Menkaure (D:7)
  18 water moccasins
  2 ice beasts
  3 black bears
  17 orc warriors
  4 ogres
  7 small abominations (Lair:5)
  33 wolves
  8 centaurs
  A boggart (Bailey)
  15 kobold brigands
  A phantom (D:4)
  3 gnoll sergeants
  11 bullfrogs
  10 wights
  25 killer bees
  2 bombardier beetles
  18 orc priests
  A jelly (D:7)
  A gnoll bouda (D:4)
  2 hounds (D:6)
  3 iguanas
  A sleepcap (D:4)
  12 orc wizards
  A troll simulacrum (Lair:4)
  27 gnolls
  6 adders
  A naga simulacrum (Lair:4)
  A shadow imp (D:7)
  2 white imps
  4 ufetubi
  2 ribbon worms
  2 dart slugs
  60 orcs
  7 endoplasms
  6 giant cockroaches
  5 hobgoblins
  5 jackals
  4 quokkas
  3 ball pythons
  13 bats
  3 frilled lizards (D:1)
  7 goblins
  35 kobolds
  2 rats
  2 foxfires (Swamp:1)
637 creatures vanquished.

Vanquished Creatures (collateral kills)
  An ugly thing (D:12)
  2 orcs (D:12)
3 creatures vanquished.

Vanquished Creatures (others)
  A warg (D:12)
  An orc warrior (Orc:1)
  10 foxfires (Swamp:1)
12 creatures vanquished.

Grand Total: 652 creatures vanquished

Notes
Turn   | Place    | Note
-------+----------+-------------------------------------------
     0 | D:1      | bobo the Coglin Hunter began the quest for the Orb.
     0 | D:1      | Reached XP level 1. HP: 16/16 MP: 1/1
   172 | D:1      | Reached XP level 2. HP: 23/23 MP: 2/2
   476 | D:1      | Found Hutsyafe's General Store.
   671 | D:2      | Reached XP level 3. HP: 28/28 MP: 3/3
   717 | D:2      | Identified the ring "Unynuobu" {rC+ Int+3 Dex+3}
   739 | D:2      | Identified the +4 leather armour of Privacy {Harm +Blink
                  | rElec Dex-4}
  1037 | D:3      | Reached XP level 4. HP: 35/35 MP: 4/4
  1049 | D:2      | Reached skill level 1 in Evocations
  1227 | D:3      | Found a faded altar of an unknown god.
  1368 | D:3      | Reached XP level 5. HP: 32/41 MP: 5/5
  1520 | D:3      | Reached skill level 2 in Evocations
  1523 | D:3      | Reached skill level 5 in Ranged Weapons
  1730 | D:3      | Found a roughly hewn altar of Beogh.
  1762 | D:3      | Reached XP level 6. HP: 12/48 MP: 6/6
  1847 | D:4      | Reached skill level 3 in Evocations
  1925 | D:4      | Noticed Eustachio
  1931 | D:4      | Killed Eustachio
  1932 | D:4      | Reached XP level 7. HP: 54/54 MP: 7/7
  2088 | D:4      | Found Naricva's Assorted Antiques.
  2156 | D:4      | Reached skill level 4 in Evocations
  2305 | D:4      | Found a runed translucent door.
  2306 | D:4      | Noticed Crazy Yiuf
  2489 | D:4      | Crazy Yiuf changed into Crazy Yiuf the endoplasm
  2489 | D:4      | Noticed Crazy Yiuf
  2490 | D:4      | Killed Crazy Yiuf the endoplasm
  2640 | D:4      | Found Xoxec's General Store.
  2687 | D:4      | Found Taipem's Assorted Antiques.
  2812 | D:4      | Found a white marble altar of Elyvilon.
  2953 | D:5      | Entered Level 5 of the Dungeon
  3108 | D:5      | Noticed a +0 dagger
  3108 | D:5      | Noticed a +0 dagger
  3110 | D:5      | Found a hide-covered altar of Uskayaw.
  3296 | D:5      | Found a glowing golden altar of the Shining One.
  3296 | D:5      | Found a stormy altar of Qazlal.
  3312 | D:5      | Found a radiant altar of Vehumet.
  3504 | D:5      | Found a staircase to the Ecumenical Temple.
  3513 | Temple   | Entered the Ecumenical Temple
  3531 | Temple   | Became a worshipper of Ashenzari the Shackled
  3610 | D:5      | Found an ornate altar of the Wu Jian Council.
  3813 | D:6      | Identified the +9 dagger "Ockonux" {drain, rCorr Str+3}
  3828 | D:6      | Reached skill level 5 in Fighting
  3828 | D:6      | Reached skill level 5 in Evocations
  3828 | D:6      | Reached XP level 8. HP: 62/62 MP: 8/8
  4089 | D:6      | Got Wur Wol's Grimoire of Interference
  4558 | D:7      | Reached skill level 6 in Evocations
  4959 | D:7      | Reached XP level 9. HP: 69/69 MP: 9/9
  5208 | D:7      | Reached skill level 7 in Evocations
  5210 | D:7      | Found a glowing silver altar of Zin.
  5637 | D:7      | Noticed Menkaure
  5639 | D:7      | Killed Menkaure
  5765 | D:8      | Found a blossoming altar of Fedhas.
  5913 | D:8      | Noticed Gastronok
  5931 | D:8      | Killed Gastronok
  5932 | D:8      | Reached skill level 10 in Ranged Weapons
  5932 | D:8      | Reached skill level 8 in Evocations
  5932 | D:8      | Reached XP level 10. HP: 38/79 MP: 10/10
  5986 | D:8      | Reached skill level 9 in Evocations
  6210 | D:8      | Reached * piety under Ashenzari
  6210 | D:8      | Reached ** piety under Ashenzari
  6349 | D:8      | Noticed a boulder beetle
  6358 | D:8      | HP: 1/82 [boulder beetle (13)]
  6359 | D:8      | Killed a boulder beetle
  7064 | D:8      | Found Hyblyel's Distillery.
  7067 | D:8      | Bought a potion of heal wounds for 75 gold pieces
  7394 | D:9      | Found a flagged portal.
  7408 | Bailey   | Entered a bailey
  7430 | Bailey   | Reached skill level 1 in Stealth
  7665 | Bailey   | Reached XP level 11. HP: 49/90 MP: 11/11
  7946 | Bailey   | Identified Foatz's Encyclopedia of Beckoning and Sciomancy
  7947 | Bailey   | Found a bloodstained altar of Trog.
  8406 | D:9      | Noticed a boulder beetle
  8413 | D:9      | Killed a boulder beetle
  8607 | D:9      | Found a basalt altar of Yredelemnul.
  8691 | D:10     | Entered Level 10 of the Dungeon
  8764 | D:10     | Noticed a two-headed ogre
  8772 | D:10     | Killed a two-headed ogre
  9022 | D:10     | Noticed Josephine
  9242 | D:10     | Killed Josephine
  9474 | D:10     | Reached skill level 10 in Evocations
  9820 | D:10     | Reached *** piety under Ashenzari
  9848 | D:11     | Noticed a red ugly thing
  9878 | D:11     | Killed a red ugly thing
 10115 | D:11     | Found a staircase to the Lair.
 10124 | Lair:1   | Entered Level 1 of the Lair of Beasts
 10219 | Lair:1   | Reached XP level 12. HP: 88/100 MP: 12/12
 10409 | Lair:1   | Reached skill level 5 in Dodging
 11150 | Lair:1   | Reached skill level 10 in Fighting
 11178 | Lair:1   | Reached skill level 11 in Evocations
 11247 | Lair:1   | Noticed a death yak
 11251 | Lair:1   | Noticed a death yak
 12478 | D:11     | Found Hierphy's Book Emporium.
 12657 | D:11     | Found a portal to a secret trove of treasure.
 13046 | D:12     | Reached skill level 12 in Evocations
 13046 | D:12     | Reached XP level 13. HP: 84/108 MP: 13/13
 13198 | D:12     | Found a staircase to the Orcish Mines.
 13609 | Orc:1    | Entered Level 1 of the Orcish Mines
 13810 | Orc:1    | Noticed an orc warlord
 13822 | Orc:1    | Killed an orc warlord
 13833 | Orc:1    | Reached skill level 13 in Evocations
 13932 | Orc:1    | Found a roughly hewn altar of Beogh.
 13967 | Orc:1    | Reached **** piety under Ashenzari
 13967 | Orc:1    | Reached ***** piety under Ashenzari
 14000 | Orc:1    | Noticed an orc warlord
 14019 | Orc:1    | Killed an orc warlord
 14141 | D:13     | Noticed Azrael
 15364 | Lair:2   | Noticed a minotaur
 15385 | Lair:2   | Found a runed translucent gate.
 15385 | Lair:2   | Found a runed translucent gate.
 15385 | Lair:2   | Found a runed translucent gate.
 15386 | Lair:2   | Noticed ShinQuickMan's ghost (journeyman DECj)
 15494 | Lair:2   | Reached skill level 14 in Evocations
 16228 | Lair:3   | Found a hole to the Spider Nest.
 16368 | Lair:3   | Reached XP level 14. HP: 124/124 MP: 14/14
 16368 | Lair:3   | Acquired a turboactuated sprocket {RevParry, rF+ rC+}
 16416 | Lair:3   | Found a staircase to the Swamp.
 16457 | Lair:3   | Noticed Snorg
 16466 | Lair:3   | Killed Snorg
 16798 | Lair:3   | Found a broken altar of Ashenzari.
 17173 | Lair:4   | Reached skill level 15 in Evocations
 17243 | Lair:4   | Found a staircase to the Slime Pits.
 17243 | Lair:4   | Found a viscous altar of Jiyva.
 17303 | Lair:4   | Reached skill level 5 in Stealth
 17633 | Lair:4   | Identified the +2 rapier "Emanem" {flame, Dex+4}
 18033 | Lair:4   | Reached skill level 15 in Ranged Weapons
 19041 | Orc:2    | Entered Level 2 of the Orcish Mines
 19403 | Lair:5   | Entered Level 5 of the Lair of Beasts
 19804 | Lair:5   | Reached skill level 16 in Evocations
 19969 | Lair:5   | Reached XP level 15. HP: 130/133 MP: 15/15
 20447 | Lair:5   | Identified the +3 morningstar "Paumm" {venom, rN+ Int+3}
 20736 | Swamp:1  | Entered Level 1 of the Swamp
 20749 | Swamp:1  | Reached skill level 17 in Evocations
 21290 | Swamp:2  | HP: 4/134 [eleionoma (20)]
 21291 | Swamp:2  | Killed from afar by an eleionoma

Illustrated notes

Levels and vault maps discovered:
D:1:      dpeg_arrival_boxorama, layout_basic, serial_shops,
          nicolae_shop_behind_doors, minmay_cut_off
D:2:      layout_basic, kennysheep_generic_room_3
D:3:      layout_rooms, dreamdust_ecumenical_altar_grove, grunt_ministairs_7,
          hangedman_decor_points, kennysheep_minor_cross, kennysheep_orc_chapel
D:4:      layout_rooms, elyvilon_altar_1, serial_shops, nicolae_shop_peninsula,
          nicolae_shop_peninsula, shop, minmay_stone_trees_medium,
          kennysheep_generic_room_11, uniq_eustachio, uniq_crazy_yiuf_cottage
D:5:      layout_basic, nicolae_vehumet_altar_sigil, dancing_weapons_uskayaw,
          gammafunk_temple_overflow_forgotten, minmay_temple_entry_large_hall
D:6:      layout_basic
D:7:      layout_loops_ring, zin_treasury, hangedman_decor_push,
          minmay_misc_feat_four_crosses, nicolae_tricolors, uniq_menkaure
D:8:      layout_loops_corners, fedhas_altar_2, serial_shops,
          nicolae_shop_stone, uniq_gastronok
D:9:      layout_irregular_city, mainiacjoe_overflow_catwalk, enter_bailey_5,
          hex_medium
D:10:     layout_basic, serial_bayou_pond_c, minivault_26, uniq_josephine
D:11:     layout_grid_maze, david_lair_generic, trove_entry_hex_spiral,
          nicolae_take_the_stairs
D:12:     lemuel_flame_loot_2, layout_cave_pools, erik_orc_3, serial_park,
          serial_park_tiny_1
D:13:     layout_long_grid, erik_vaults_2, uniq_lodul, uniq_erolcha, uniq_azrael
Temple:   nicolae_temple_bog_church
Lair:1:   layout_layer_cave, wad_woods_06, grunt_megastairs_1
Lair:2:   layout_gridlike, maelrawn_ghost_gauntlet_escape,
          chequers_serial_rivers_marsh, beast_lair_carwin_8
Lair:3:   layout_gridlike, skrybe_swamp_entry_bodies,
          spider_nest_entry_web_field, basic_altar,
          chequers_serial_rivers_room_b, uniq_snorg
Lair:4:   dreamdust_isle_of_ice, layout_concentric_octagons, slime_entry_1
Lair:5:   hellmonk_lair_end_abyssal_woods, layout_gridlike, grunt_megastairs_2,
          serial_bayou_shore_a, infiniplex_staircase_pool_2
Swamp:1:  layout_basic_swamp, infiniplex_staircase_pool,
          nicolae_swamp_tree_isthmus
Swamp:2:  layout_falls_marsh, serial_swamp_ruin, evilmike_swamp_ruin_wall,
          evilmike_swamp_ruin_house_6, evilmike_swamp_ruin_house_3, uniq_aizul
Swamp:3:  layout_basic_swamp, ebering_ghost_xom, hangedman_swamp_ruin_wall
Orc:1:    layout_diamond_mine, basic_altar, mines3_lemuel
Orc:2:    grunt_orc_gardens, layout_caves, grunt_orc_garden, grunt_orc_garden,
          grunt_orc_garden, grunt_orc_garden, minmay_orc_temple_c, uniq_rupert

Skill      XL: |  1  2  3  4  5  6  7  8  9 10 11 12 13 14 15 |
---------------+----------------------------------------------+-----
Ranged Weapons | 4 5 6 8 10 11 12 13 14 15 | 15.0
Fighting       | 3 4 5 6 7 8 9 10 12 13 14 | 14.5
Evocations     | 1 2 3 5 6 8 9 10 12 14 16 17 | 17.3
Stealth        | 1 4 6 |  6.0
Dodging        | 2 4 5 6 8 |  8.2

Action                     |  1- 3 |  4- 6 |  7- 9 | 10-12 | 13-15 || total
---------------------------+-------+-------+-------+-------+-------++-------
  Melee: Sling             |       |       |       |     4 |       ||     4
   Fire: Sling             |   188 |   228 |   556 |  1516 |  1924 ||  4412
  Throw: Throwing net      |       |       |       |     1 |       ||     1
 Invoke: Curse Item        |       |       |     1 |     3 |     1 ||     5
Ability: Evoke Blink       |     1 |     1 |     7 |     8 |    12 ||    29
         Invent Gizmo      |       |       |       |       |     1 ||     1
  Evoke: Wand              |       |     4 |    10 |    32 |    32 ||    78
         Tin of tremorston |       |       |       |     4 |     9 ||    13
    Use: Scroll            |       |     8 |     1 |     2 |     7 ||    18
         Potion            |       |     3 |       |     4 |     1 ||     8
 Armour: Leather armour    |    11 |    85 |   104 |   227 |   231 ||   658
  Dodge: Dodged            |    26 |    98 |    80 |   198 |   206 ||   608

Table legend: (Time is in decaauts)
 A = Elapsed time spent in this place.
 B = Non-inter-level travel time spent in this place.
 C = Inter-level travel time spent in this place.
 D = Time resting spent in this place.
 E = Time spent auto-exploring this place.
 F = Levels seen in this place.
 G = Mean time per level.
                   A        B        C        D        E       F      G
               +--------+--------+--------+--------+--------+-----+--------+
         Total |  21307 |  19930 |   1377 |   1811 |  13995 |  25 |  852.3 |
       Dungeon |  11990 |  11182 |    808 |    880 |   8114 |  13 |  922.3 |
        Temple |     31 |     20 |     11 |      0 |      0 |   1 |   31.0 |
          Lair |   6829 |   6416 |    413 |    341 |   4771 |   5 | 1365.8 |
         Swamp |    557 |    557 |      0 |    388 |     30 |   3 |  185.7 |
  Orcish Mines |   1283 |   1139 |    144 |      2 |    840 |   2 |  641.5 |
        Bailey |    614 |    614 |      0 |    199 |    238 |   1 |  614.0 |
               +--------+--------+--------+--------+--------+-----+--------+

Top non-repeatable levels by time:
  Lair:1: 2315 daAuts
    D:11: 1869 daAuts
     D:8: 1612 daAuts
  Lair:4: 1336 daAuts
   Orc:1: 1251 daAuts
  Lair:5: 1208 daAuts
     D:4: 1205 daAuts
    D:10: 1098 daAuts
  Lair:3: 1006 daAuts
     D:7: 981 daAuts
  Lair:2: 962 daAuts
     D:6: 894 daAuts
    D:12: 835 daAuts
     D:3: 774 daAuts
     D:9: 769 daAuts
